 Dungeon Crawl Stone Soup version 0.26.1-11-gd32895ea62 (webtiles) character file.

Game seed: 10564191991549312915

777 Almogavar the Slasher (level 7, 0/53 HPs)
             Began as a Demonspawn Gladiator on July 14, 2021.
             Was a Follower of Okawaru.
             Slain by an orc warrior
             ... wielding a +0 trident
              (19 damage)
             ... on level 6 of the Dungeon.
             The game lasted 00:15:04 (6303 turns).

Almogavar the Slasher (Demonspawn Gladiator)        Turns: 6303, Time: 00:15:05

Health: 0/53       AC:  6    Str: 16      XL:     7   Next: 54%
Magic:  7/7        EV: 18    Int:  9      God:    Okawaru [*.....]
Gold:   286        SH:  0    Dex: 13 (15) Spells: 6/6 levels left

rFire    . . .     SeeInvis .   a - +0 long sword
rCold    + . .     Faith    .   (no shield)
rNeg     . . .     Spirit   .   e - +1 leather armour {rC+}
rPois    .         Reflect  .   (helmet restricted)
rElec    .         Harm     .   n - +0 cloak
rCorr    .         Rampage  .   (no gloves)
Will     .....                  (no boots)
Stlth    +.........             A - amulet of magic regeneration
HPRegen  0.17/turn              h - +4 ring of evasion
MPRegen  0.35/turn              (no ring)

@: no status effects
A: horns 1, rugged brown scales 1, demonic guardian 1, powered by pain 1
a: Renounce Religion, Heroism


You were on level 6 of the Dungeon.
You worshipped Okawaru.
Okawaru was aware of your devotion.
You visited 1 branch of the dungeon, and saw 6 of its levels.

You collected 286 gold pieces.

Inventory:

Hand Weapons
 a - a +0 long sword (weapon)
 y - a +0 hunting sling
Missiles
 d - 2 throwing nets (quivered)
 g - 93 bolts
 o - 12 poisoned darts
 r - 25 sling bullets
 z - 89 stones
Armour
 e - a +1 leather armour of cold resistance (worn)
 i - a +1 ring mail of fire resistance
 k - a +0 chain mail
 n - a +0 cloak (worn)
 q - a +0 scale mail
 F - a +1 scale mail of willpower
 G - a +0 chain mail of cold resistance
Jewellery
 h - a +4 ring of evasion (left hand)
 A - an amulet of magic regeneration (around neck)
Wands
 c - a wand of digging (13)
 C - a wand of enslavement (2)
Scrolls
 l - 2 scrolls of remove curse
 m - 2 scrolls of fear
 p - 6 scrolls of amnesia
 t - 3 scrolls of blinking
 v - 5 scrolls of teleportation {unknown}
 w - a scroll of noise {unknown}
 x - a scroll of enchant weapon {unknown}
 B - a scroll of random uselessness {unknown}
 H - a scroll of enchant armour {unknown}
Potions
 b - 2 potions of heal wounds
 f - 2 potions of cancellation
 j - a potion of lignification
 s - a potion of might
 u - a potion of curing
 D - a potion of haste {unknown}
 E - a potion of degeneration {unknown}


   Skills:
 + Level 3.1 Fighting
 + Level 6.0 Long Blades
 + Level 1.8 Throwing
 + Level 2.8 Armour
 + Level 4.4 Dodging
 + Level 1.3 Stealth
 + Level 0.1 Evocations


You had 6 spell levels left.
You didn't know any spells.
Your spell library was empty.

Dungeon Overview and Level Annotations

Branches:
Dungeon (6/15)             Temple (0/1) D:5

Altars:
Ashenzari
Okawaru
Qazlal
Uskayaw
Vehumet
The Shining One

Shops:
D:6 (


Innate Abilities, Weirdness & Mutations

You have a pair of small horns on your head.
You are partially covered in rugged brown scales. (AC +1, +3% HP)
A weak demonic guardian rushes to your aid.
You sometimes gain a little power by taking damage.


Message History

The orc warrior is lightly wounded.
Your ufetubus barely misses the orc warrior. x2
The orc warrior closely misses you. Something hits you but does no damage.
Your iron imp hits the orc warrior.
The orc hits your ufetubus with a +0 hand axe.
Your ufetubus hits the orc warrior but does no damage.
Your ufetubus hits the orc warrior.
You hit the orc warrior but do no damage.
You headbutt the orc warrior, but do no damage.
The orc warrior is lightly wounded.
The orc warrior hits you with a +0 trident!
Your ufetubus completely misses the orc warrior. x2
Something barely misses you.
The orc hits your ufetubus with a +0 hand axe.
Your ufetubus dies!
Your iron imp hits the orc warrior!
You hit the orc warrior but do no damage.
The orc warrior is moderately wounded.
The orc warrior hits you with a +0 trident!!
You die...

#......†..#
#.........#
#...P.....#
###.P∩...##
#.P.P...#
#####.....#.#
#.........#...
#.........#
...
#......5@.# ..
#.).....o{#
#.......o.#
#..>........
#.........#..
#.........###.
#.........#
##########


You could see an orc warrior, an orc and a friendly iron imp (summoned).

Vanquished Creatures
  Sigmund (D:2)
  A sky beast (D:6)
  2 quasits
  2 hounds
  2 orc wizards
  Ijyb (D:3)
  Natasha (twice) (D:3)
  A worker ant (D:5)
  A hound zombie (D:5)
  A hound skeleton (D:5)
  3 gnolls (D:4)
  2 adders
  A white imp (D:5)
  A worm (D:3)
  3 leopard geckos
  23 orcs
  3 ball pythons
  3 giant cockroaches (D:2)
  8 goblins
  3 hobgoblins
  11 jackals
  6 kobolds
  2 quokkas
  7 bats
  6 frilled lizards
  5 rats
101 creatures vanquished.

Vanquished Creatures (collateral kills)
  2 orc wizards (D:5)
  3 orc priests (D:5)
  4 orcs
  A jackal (D:5)
10 creatures vanquished.

Vanquished Creatures (others)
  An orc (D:5)
1 creature vanquished.

Grand Total: 112 creatures vanquished

Notes
Turn   | Place    | Note
-------+----------+-------------------------------------------
     0 | D:1      | Almogavar the Demonspawn Gladiator began the quest for the
                  | Orb.
     0 | D:1      | Reached XP level 1. HP: 16/16 MP: 1/1
   369 | D:1      | Gained mutation: You sometimes gain a little power by
                  | taking damage. [demonic ancestry]
   369 | D:1      | Reached XP level 2. HP: 22/22 MP: 2/2
   373 | D:1      | Reached skill level 3 in Long Blades
   978 | D:2      | Noticed Sigmund
  1309 | D:2      | Killed Sigmund
  1310 | D:2      | Reached skill level 4 in Long Blades
  1310 | D:2      | Gained mutation: You have a pair of small horns on your
                  | head. [demonic ancestry]
  1310 | D:2      | Reached XP level 3. HP: 5/28 MP: 3/3
  1310 | D:2      | Gained mutation: A weak demonic guardian rushes to your
                  | aid. [demonic ancestry]
  1310 | D:2      | Reached XP level 4. HP: 6/34 MP: 4/4
  1310 | D:2      | Gained mutation: You are partially covered in rugged brown
                  | scales. (AC +1, +3% HP) [demonic ancestry]
  1310 | D:2      | Reached XP level 5. HP: 6/40 MP: 5/5
  1570 | D:2      | Found an iron altar of Okawaru.
  1575 | D:2      | Became a worshipper of Warmaster Okawaru
  2421 | D:3      | Found a broken altar of Ashenzari.
  2424 | D:3      | Noticed Ijyb
  2461 | D:3      | Killed Ijyb
  2589 | D:3      | Reached skill level 1 in Stealth
  2786 | D:3      | Reached XP level 6. HP: 35/47 MP: 6/6
  3182 | D:3      | Noticed Natasha
  3196 | D:3      | Killed Natasha
  3554 | D:3      | Noticed Natasha
  3562 | D:3      | Killed Natasha
  4268 | D:4      | Found a hide-covered altar of Uskayaw.
  4380 | D:4      | Reached skill level 5 in Long Blades
  4494 | D:5      | Entered Level 5 of the Dungeon
  4557 | D:5      | Found a staircase to the Ecumenical Temple.
  4592 | D:5      | Found a radiant altar of Vehumet.
  4700 | D:5      | Reached XP level 7. HP: 13/52 MP: 7/7
  5162 | D:5      | Reached * piety under Okawaru
  5805 | D:5      | Found a stormy altar of Qazlal.
  5845 | D:5      | Found a glowing golden altar of the Shining One.
  6111 | D:6      | Found Olim's Antique Weapon Shop.
  6290 | D:6      | Reached skill level 6 in Long Blades
  6303 | D:6      | Slain by an orc warrior

Illustrated notes

Levels and vault maps discovered:
D:1:      mainiacjoe_arrival_reflecting_pool, layout_rooms,
          minmay_misc_feat_columns
D:2:      layout_loops_ring, marbit_many_paths, uniq_sigmund
D:3:      layout_loops_cross, old_standard_altar, serial_rivers,
          chequers_serial_rivers_micro_b, chequers_serial_rivers_small_a,
          chequers_serial_rivers_micro_a, chequers_serial_rivers_micro_a,
          chequers_serial_rivers_micro_e, uniq_ijyb, uniq_natasha
D:4:      layout_loops_ring, lemuel_coloured_pillars_altar
D:5:      layout_layer_cave, general_overflow_altar, tso_oasis_becter,
          grunt_qazlal_clouds, minmay_temple_entry_glassed_door
D:6:      layout_rooms, serial_shops, nicolae_shop_overgrown_old_shop, shop,
          nicolae_shop_overgrown_old_shop, shop, uniq_crazy_yiuf_cottage,
          uniq_menkaure

Skill      XL: |  1  2  3  4  5  6  7 |
---------------+----------------------+-----
Dodging        | 3 4 |  4.4
Long Blades    | 4 5 6 |  6.0
Armour         | 2 |  2.8
Stealth        | 1 |  1.3
Fighting       | 3 |  3.1
Throwing       | |  1.8
Evocations     | |  0.1

Action                   |  1- 3 |  4- 6 |  7- 9 || total
-------------------------+-------+-------+-------++-------
Melee: Long sword        |    51 |   198 |    43 ||   292
       Headbutt          |       |    39 |    13 ||    52
Throw: Throwing net      |       |     2 |       ||     2
Evoke: Wand              |       |     1 |     2 ||     3
  Use: Potion            |     2 |       |       ||     2
       Scroll            |       |     9 |       ||     9
 Stab: Sleeping          |       |     1 |       ||     1
       Distracted        |       |       |     1 ||     1
Armor: Leather armour    |     9 |    55 |    21 ||    85
       Ring mail         |       |    15 |       ||    15
Dodge: Dodged            |    51 |   234 |    56 ||   341
       Rpst.: Long sword |    17 |    59 |     9 ||    85
